 Dungeon Crawl Stone Soup version 0.22.1 (webtiles) character file.

39 jerryfan the Sneak (level 3, -7/24 HPs)
             Began as a Halfling Assassin on Sept 17, 2018.
             Killed from afar by a white imp (10 damage)
             ... with a puff of frost
             ... summoned by Natasha
             ... on level 2 of the Dungeon.
             The game lasted 00:02:58 (1131 turns).

jerryfan the Sneak (Halfling Assassin)              Turns: 1131, Time: 00:02:58

Health: -7/24      AC:  3    Str: 12    XL:     3   Next: 67%
Magic:  3/3        EV: 14    Int:  9    God:
Gold:   34         SH:  0    Dex: 16    Spells: 2/2 levels left

rFire    . . .     SeeInvis .   a - +2 dagger
rCold    . . .     Gourm    .   (shield restricted)
rNeg     + . .     Faith    .   c - +0 robe
rPois    .         Spirit   .   (no helmet)
rElec    .         Reflect  .   d - +0 cloak
rCorr    .         Harm     .   (no gloves)
MR       .....                  (no boots)
Stlth    +++.......             (no amulet)
HPRegen  0.08/turn              k - ring of positive energy
MPRegen  0.08/turn              (no ring)

@: no status effects
A: small, mutation resistance 1
a: no special abilities


You were on level 2 of the Dungeon.
You were not hungry.

You visited 1 branch of the dungeon, and saw 2 of its levels.

You collected 34 gold pieces.

Inventory:

Hand Weapons
 a - a +2 dagger (weapon)
 b - a +0 blowgun
Missiles
 e - 5 poisoned needles
 f - 2 curare-tipped needles
Armour
 c - a +0 robe (worn)
 d - a +0 cloak (worn)
Jewellery
 k - a ring of positive energy (left hand)
Scrolls
 h - a scroll of identify
 l - a scroll of immolation {unknown}
 m - a scroll of magic mapping {unknown}
Potions
 i - a potion of heal wounds {unknown}
 n - a potion of brilliance {unknown}
 o - a potion of degeneration {unknown}
 p - a potion of mutation {unknown}
 q - a potion of curing {unknown}
Comestibles
 g - 2 rations
 j - 2 chunks of flesh


   Skills:
 + Level 2.0 Fighting
 * Level 3.1 Short Blades
 + Level 2.2 Throwing
 + Level 1.5 Dodging
 * Level 4.9 Stealth


You had 2 spell levels left.
You didn't know any spells.
Your spell library was empty.

Dungeon Overview and Level Annotations

Branches:
Dungeon (2/15)

Altars:

Annotations:
D:2 exclusion: 2 gnolls, Natasha


Innate Abilities, Weirdness & Mutations

You are small and have problems with some larger weapons.
You are somewhat resistant to further mutation.


Message History

You hit Natasha.
Natasha is moderately wounded.
Natasha looks more healthy.
The crimson imp closely misses you. Natasha claws you.
You completely miss Natasha.
Natasha is heavily wounded.
The leopard gecko bites you. The crimson imp completely misses you.
You closely miss Natasha.
Natasha is heavily wounded.
The leopard gecko bites you. Natasha barely misses you.
The crimson imp closely misses you.
You hit Natasha.
Natasha is heavily wounded.
The leopard gecko bites you.
Natasha stares at you and mumbles some strange words.
The magic dart hits you!
* * * LOW HITPOINT WARNING * * *
The white imp gestures at you. The puff of frost hits you!
You die...

### .(..
############(...
#.....!...#..... ..
#...............
...#......5lh......
#..............@.#
#... #.......?5# ##
#.... ####.###### ...
#.... #...#######...
#.#.#
###.#...........
#.#.###...#...>.....#
#.#.#...###.........#
##<....###
#.........# #..#..##
#.........#


You could see Natasha, a crimson imp, a white imp and a leopard gecko.

Vanquished Creatures
  A worm (D:2)
  2 dart slugs
  A leopard gecko (D:1)
  A ball python (D:1)
  3 bats
  3 goblins (D:1)
  3 hobgoblins (D:1)
  3 jackals (D:1)
  2 frilled lizards (D:1)
  6 kobolds
  3 rats
28 creatures vanquished.

Notes
Turn   | Place    | Note
-------+----------+-------------------------------------------
     0 | D:1      | jerryfan the Halfling Assassin began the quest for the Orb.
     0 | D:1      | Reached XP level 1. HP: 14/14 MP: 1/1
   115 | D:1      | Reached XP level 2. HP: 19/19 MP: 2/2
   448 | D:1      | Reached XP level 3. HP: 24/24 MP: 3/3
  1118 | D:2      | Noticed Natasha
  1131 | D:2      | Killed from afar by a white imp

Skill      XL: |  1  2  3 |
---------------+----------+-----
Fighting       | 2 |  2.0
Short Blades   | 3 |  3.1
Throwing       | |  2.2
Dodging        | |  1.5
Stealth        | |  4.9

Action                   || total
-------------------------++-------
Melee: Dagger            ||    87
 Fire: Blowgun           ||     3
  Use: Scroll            ||     2
 Stab: Sleeping          ||     6
  Eat: Chunk             ||     1
Armor: Robe              ||    13
Dodge: Dodged            ||    53
